Workbook

Sheet PLANILHA GERAL
A1: PREFEITURA MUNICIPAL DE SALINAS/MG SECRETARIA MUNICIPAL DE OBRAS PÚBLICAS
A4: PLANILHA ORÇAMENTÁRIA DE CUSTOS
A6: PREFEITURA: PREFEITURA MUNICIPAL DE SALINAS | F6: FOLHA Nº: 01
A7: OBRA: Implantação de pavimentação em ruas no Distrito de Matrona, Salinas/MG. | F7: =TODAY() -> 46049
A8: LOCAL: RUA PROLONGAMENTO GONCILIO J PEREIRA E RUA SANTA RITA | E8: FORMA DE EXECUÇÃO:
A9: REGIÃO/MÊS DE REFERÊNCIA: SETOP ABRIL 2025 COM DESONERAÇÃO | E9: ( ) | F9: DIRETA | G9: ISS | H9: 0.03
A10: PRAZO DE EXECUÇÃO: 03 MESES | G10: BDI | H10: 0.2865 | I10: 1.29
A12: ITEM | B12: CÓDIGO | C12: DESCRIÇÃO | D12: UNIDADE | E12: QUANTIDADE | F12: PREÇO UNITÁRIO S/ LDI | G12: PREÇO UNITÁRIO C/ LDI | H12: PREÇO TOTAL
A13: 1 | B13: IIO-001 | C13: INSTALAÇÕES INICIAIS DA OBRA
A14: 1.1 | B14: ED-28427 | C14: FORNECIMENTO E COLOCAÇÃO DE PLACA DE OBRA EM CHAPA GALVANIZADA (3,00 X 1,50 M) - GOVERNO DO ESTADO | D14: UN | E14: 1 | F14: 1359.14 | G14: =ROUND(F14+(F14*$H$10),2) -> 1748.53 | H14: =ROUND((E14*G14),2) -> 1748.53 | J14: 0
A15: 1.2 | B15: RO-41081 | C15: Regularização do sub-leito (proctor normal) | D15: M² | E15: 1319.6 | F15: 1.15 | G15: =ROUND(F15+(F15*$H$10),2) -> 1.48 | H15: =ROUND((E15*G15),2) -> 1953.01 | J15: 1359.3
G16: =ROUND(F16+(F16*$H$10),2) -> 0 | H16: =SUM(H14:H15) -> 3701.54 | I16: =H25 -> 195083.14
A17: 2 | B17: OBR-001 | C17: OBRAS VIÁRIAS | G17: =ROUND(F17+(F17*$H$10),2) -> 0 | H17: =ROUND((E17*G17),2) -> 0
A18: 2.1 | B18: ED-24063 | C18: EXECUÇÃO DE PAVIMENTO COM PISO INTERTRAVADO, TIPO SEXTAVADO, ESP. 6CM, COM FCK DE 35MPA, INCLUSIVE COLCHÃO DE AREIA, ESP. 6CM, PARA ASSENTAMENTO, COMPACTAÇÃO MECANIZADA, CARGA E DESCARGA MECÂNICA EM CAMINHÃO, EXCLUSIVE TRANSPORTE DE PISO INTERTRAVADO | D18: M² | E18: ='MEMÓRIA DE CALCULO'!H17 -> 1182 | F18: 82.89 | G18: =ROUND(F18+(F18*$H$10),2) -> 106.64 | H18: =E18*G18 -> 126048.48 | I18: =G18*E18 -> 126048.48
G19: =ROUND(F19+(F19*$H$10),2) -> 0 | H19: =H18 -> 126048.48
A20: 3 | B20: DRE-001 | C20: DRENAGEM | G20: =ROUND(F20+(F20*$H$10),2) -> 0 | H20: =ROUND((E20*G20),2) -> 0
A21: 3.1 | B21: ED-14762 | C21: EXECUÇÃO DE SARJETA DE CONCRETO USINADO, MOLDADA IN LOCO EM TRECHO RETO, 30 CM BASE X 15 CM ALTURA. AF_01/2024 | D21: M | E21: ='MEMÓRIA DE CALCULO'!K17 -> 496 | F21: 45.31 | G21: =ROUND(F21+(F21*$H$10),2) -> 58.29 | H21: =ROUND((E21*G21),2) -> 28911.84
A22: 3.2 | B22: ED-51139 | C22: GUIA DE MEIO-FIO, EM CONCRETO COM FCK 20MPA, PRÉ MOLDADA, MFC-01 PADRÃO DER-MG, EXCLUSIVE SARJETA, INCLUSIVE ESCAVAÇÃO, APILOAMENTO ETRANSPORTE COM RETIRADA DO MATERIAL ESCAVADO (EMCAÇAMBA) | D22: M | E22: ='MEMÓRIA DE CALCULO'!L17+'MEMÓRIA DE CALCULO'!M17 -> 496 | F22: 57.08 | G22: =ROUND(F22+(F22*$H$10),2) -> 73.43 | H22: =ROUND((E22*G22),2) -> 36421.28
G23: =ROUND(F23+(F23*$H$10),2) -> 0 | H23: =SUM(H21,H22) -> 65333.12
G24: =ROUND(F24+(F24*$H$10),2) -> 0
A25: TOTAL GERAL DA OBRA | H25: =SUM(H23,H19,H16) -> 195083.14
B29: IGOR NOGUEIRA DE ALMEIDA | E29: CREA/MG; 375.399/D
B34: PREFEITURA MUNICIPAL DE SALINAS

Sheet MEMÓRIA DE CALCULO
A1: PREFEITURA MUNICIPAL DE SALINAS/MG SECRETARIA MUNICIPAL DE OBRAS PÚBLICAS
A4: MEMÓRIA DE CÁLCULO
A6: PREFEITURA: PREFEITURA MUNICIPAL DE SALINAS | G6: FOLHA Nº: 01
A7: ='PLANILHA GERAL'!A7:E7 -> OBRA: Implantação de pavimentação em ruas no Distrito de Matrona, Salinas/MG. | G7: =TODAY() -> 46049
A8: LOCAL : RUA PROLONGAMENTO GONCILIO JOSE PEREIRA E RUA SANTA RITA
A9: REGIÃO/MÊS DE REFERÊNCIA: SETOP abril 2025 | G9: DIRETA
A10: PRAZO DE EXECUÇÃO: 03 MESES
A12: Item | B12: Logadouro | C12: Comprimento (m) 1 | D12: Comprimento (m) 2 | E12: Largura (m) | F12: Largura (m)S/ meio fio e sargeta = 90cm | G12: ='PLANILHA GERAL'!C15 -> Regularização do sub-leito (proctor normal) | H12: ='PLANILHA GERAL'!C18 -> EXECUÇÃO DE PAVIMENTO COM PISO INTERTRAVADO, TIPO SEXTAVADO, ESP. 6CM, COM FCK DE 35MPA, INCLUSIVE COLCHÃO DE AREIA, ESP. 6CM, PARA ASSENTAMENTO, COMPACTAÇÃO MECANIZADA, CARGA E DESCARGA MECÂNICA EM CAMINHÃO, EXCLUSIVE TRANSPORTE DE PISO INTERTRAVADO | I12: Comprimento (m) 1 | J12: Comprimento (m) 2; descontando os cruzamentos | K12: ='PLANILHA GERAL'!C21 -> EXECUÇÃO DE SARJETA DE CONCRETO USINADO, MOLDADA IN LOCO EM TRECHO RETO, 30 CM BASE X 15 CM ALTURA. AF_01/2024 | L12: ='PLANILHA GERAL'!C22 -> GUIA DE MEIO-FIO, EM CONCRETO COM FCK 20MPA, PRÉ MOLDADA, MFC-01 PADRÃO DER-MG, EXCLUSIVE SARJETA, INCLUSIVE ESCAVAÇÃO, APILOAMENTO ETRANSPORTE COM RETIRADA DO MATERIAL ESCAVADO (EMCAÇAMBA) | M12: TRAVAMENTOS (M) | N12: ='planilha geral'!#ref! -> #VALUE! | O12: ='planilha geral'!#ref! -> #VALUE! | P12: ='planilha geral'!#ref! -> #VALUE! | Q12: ='PLANILHA GERAL'!C14 -> FORNECIMENTO E COLOCAÇÃO DE PLACA DE OBRA EM CHAPA GALVANIZADA (3,00 X 1,50 M) - GOVERNO DO ESTADO
G13: FORMULA = COMP. 1 e 2/2 X LARG. | H13: FORMULA = COMP. 1 e 2/2 X LARG. S/ SARG. E MEIO FIO | K13: FORMULA = COMP. 1 + COMP.2 | L13: FORMULA = COMP. 1 + COMP.2 | N13: QUANTIDADE POR RUA | O13: QUANTIDADE POR RUA | P13: QUANTIDADE POR PLACAS DE SINALIZAÇÃO | Q13: UNIDADE
A14: SALINAS/NOVA MATRONA - MG
A15: 1.1 | B15: RUA PROLONGAMENTO GONCILIO J PEREIRA | C15: 155 | D15: 75 | E15: 6.9 | F15: 6 | G15: =((C15+D15)/2)*E15 -> 793.5 | H15: =((C15+D15)/2)*F15 -> 690 | I15: =C15 -> 155 | J15: =D15 -> 75 | K15: 296 | L15: =K15 -> 296 | O15: 0 | P15: =N15+O15 -> 0
A16: 1.2 | B16: RUA SANTA RITA | C16: 105 | D16: 59 | E16: 6.9 | F16: 6 | G16: =((C16+D16)/2)*E16 -> 565.8 | H16: =((C16+D16)/2)*F16 -> 492 | I16: =C16 -> 105 | J16: =D16 -> 59 | K16: 200 | L16: =K16 -> 200 | N16: 0 | O16: 0 | P16: =N16+O16 -> 0
B17: TOTAL | G17: =SUM(G15:G16) -> 1359.3 | H17: =SUM(H15:H16) -> 1182 | K17: =SUM(K2:K16) -> 496 | L17: =SUM(L15:L16) -> 496 | M17: 0 | N17: =SUM(N15:N16) -> 0 | O17: =SUM(O15:O16,) -> 0 | P17: =SUM(P15:P16) -> 0 | Q17: 0
A22: _______
B23: RT: JESSICA MARTINS MENDES | E23: JOAQUIM NERES XAVIER DIAS
B24: CAU: A1906062 | E24: PREFEITURA MUNICIPAL DE SALINAS CNPJ: 24.359.333/0001-70

Sheet CRONOGAMA
A1: PREFEITURA MUNICIPAL DE SALINAS/MG SECRETARIA MUNICIPAL DE OBRAS PÚBLICAS
A2: CRONOGRAMA FISICO FINANCEIRO
A3: PREFEITURA: PREFEITURA MUNICIPAL DE SALINAS | I3: DATA: 14/01/2026
A4: ='MEMÓRIA DE CALCULO'!A7:E7 -> OBRA: Implantação de pavimentação em ruas no Distrito de Matrona, Salinas/MG. | I4: PRAZO DA OBRA: 03 meses
A5: ='PLANILHA GERAL'!A8:D8 -> LOCAL: RUA PROLONGAMENTO GONCILIO J PEREIRA E RUA SANTA RITA
A6: ITEM | B6: CÓDIGO | C6: ETAPAS/DESCRIÇÃO | D6: FÍSICO/ FINANCEIRO | E6: TOTAL ETAPAS | F6: MÊS 1 | G6: MÊS 2 | H6: MÊS 3
A7: 1 | B7: IIO-001 | C7: ='PLANILHA GERAL'!C13 -> INSTALAÇÕES INICIAIS DA OBRA | D7: Físico % | E7: =E8/E14 -> 0.018974167 | F7: 1
D8: Financeiro | E8: ='PLANILHA GERAL'!H16 -> 3701.54 | F8: =E8 -> 3701.54
A9: 2 | B9: OBR-001 | C9: ='PLANILHA GERAL'!C17 -> OBRAS VIÁRIAS | D9: Físico % | E9: =E10/E14 -> 0.64612698 | F9: 0.3 | G9: 0.3 | H9: 0.4
D10: Financeiro | E10: ='PLANILHA GERAL'!H19 -> 126048.48 | F10: =F9*E10 -> 37814.544 | G10: =G9*E10 -> 37814.544 | H10: =H9*E10 -> 50419.392
A11: 3 | B11: DRE-001 | C11: ='PLANILHA GERAL'!C20 -> DRENAGEM | D11: Físico % | E11: =E12/E14 -> 0.33489885 | F11: 0.3 | G11: 0.3 | H11: 0.4
D12: Financeiro | E12: ='PLANILHA GERAL'!H23 -> 65333.12 | F12: =F11*E12 -> 19599.936 | G12: =G11*E12 -> 19599.936 | H12: =H11*E12 -> 26133.248
A13: TOTAL | D13: Físico % | E13: =E7+E9+E11 -> 1 | F13: =F14/E14 -> 0.31328192 | G13: =G14/E14 -> 0.29430775 | H13: =H14/E14 -> 0.39241033 | I13: TOTAL
D14: Financeiro | E14: =E8+E10+E12 -> 195083.14 | F14: =F8+F10+F12 -> 61116.02 | G14: =G8+G10+G12 -> 57414.48 | H14: =H8+H10+H12 -> 76552.64 | I14: =H14+G14+F14 -> 195083.14
H17: Observações:
B18: JESSICA MARTINS MENDES | E18: CAU: A1906062
B21: PREFEITURA MUNICIPAL DE SALINAS

Sheet BDI
A1: CÁLCULO DO BDI
C3: VALORES ADOTADOS: | I3: Jessica Martins Mendes – CAU: A1906062
B4: AC | C4: ADMINISTRAÇÃO CENTRAL | E4: 0.0246
B5: DF | C5: DESPESAS FINANCEIRAS | E5: 0.0063 | O5: Salinas, 14 de janeiro de 2026
B6: SG | C6: SEGUROS E GARANTIAS | E6: 0.015
B7: R | C7: RISCO | E7: 0.0133 | I7: Joaquim Neres Xavier Dias Prefeito Municipal de Salinas
C9: ISS | E9: 0.03
B10: I | C10: PIS | E10: 0.0065
C11: COFINS | E11: 0.03
C12: TOTAL D | E12: =SUM(E9:E11) -> 0.0665
B14: CPRB | C14: INSS | E14: 0.045
B16: L | C16: LUCRO | E16: 0.0788
B18: FÓRMULA DE CÁLCULO:
H19: 28.64
B20: BDI = | C20: (1+(AC+SG+R)x(1+DF) x (1+L)) - | E20: 1
C21: ( 1 - (I+ CPRB))
B23: BDI = | C23: =((1+E4+E6+E7)*(1+E5)*(1+E16))/(1-(E12+E14))-1 -> 0.28646538
A24: BDI CONFORME ACÓRDÃO 2622/2013 E LEI 13.161 DE 31/08/2015
B26: BDI CALCULADO | D26: =C23 -> 0.28646538
